[Event "ICC tourney 2182 (40 10)"]
[Site "Internet Chess Club"]
[Date "2020.12.06"]
[Round "1"]
[White "abi2009"]
[Black "KnightHopper"]
[Result "0-1"]
[ICCResult "White resigns"]
[WhiteElo "1712"]
[BlackElo "2039"]
[Opening "Sicilian: dragon, Yugoslav attack, 10.O-O-O"]
[ECO "B78"]
[NIC "SI.18"]
[Time "11:02:33"]
[PlyCount "22"]
[TimeControl "2400+10"]


1. e4 c5 2. Nf3 d6 3. d4 cxd4 4. Nxd4 Nf6 5. Nc3 g6 6. Be3 Bg7 7. f3 Nc6 8.
Bc4 O-O 9. Qd2 Bd7 10. O-O-O Rc8 11. g4 Nxd4 { White resigns } 0-1

[Event "ICC tourney 2182 (40 10)"]
[Site "Internet Chess Club"]
[Date "2020.12.06"]
[Round "1"]
[White "Openyagami"]
[Black "Bearbarion"]
[Result "1-0"]
[ICCResult "Black resigns"]
[WhiteElo "2604"]
[BlackElo "1921"]
[Opening "QGD Slav: exchange variation"]
[ECO "D12"]
[NIC "EO.64"]
[Time "11:02:40"]
[PlyCount "49"]
[TimeControl "2400+10"]


1. c4 c6 2. Nf3 Nf6 3. d4 d5 4. e3 Bf5 5. cxd5 cxd5 6. Nc3 Nc6 7. Ne5 a6 8.
Qb3 Na5 9. Qa4+ b5 10. Bxb5+ axb5 11. Nxb5 Bd7 12. Nxd7 Nxd7 13. b4 e5 14.
bxa5 Rxa5 15. Qb3 Qb6 16. a4 Qc6 17. Bd2 Ra8 18. Rc1 Bc5 19. dxc5 O-O 20.
O-O Kh8 21. Rfd1 f5 22. Bc3 Nxc5 23. Qxd5 Qxd5 24. Rxd5 Nxa4 25. Bxe5 {
Black resigns } 1-0

[Event "ICC tourney 2182 (40 10)"]
[Site "Internet Chess Club"]
[Date "2020.12.06"]
[Round "1"]
[White "arconsul2"]
[Black "MrNormalName"]
[Result "0-1"]
[ICCResult "White resigns"]
[WhiteElo "1758"]
[BlackElo "2181"]
[Opening "English: Neo-Catalan declined"]
[ECO "A14"]
[NIC "RE.09"]
[Time "11:05:05"]
[PlyCount "32"]
[TimeControl "2400+10"]


1. c4 e6 2. g3 d5 3. Bg2 Nf6 4. Nf3 Be7 5. O-O O-O 6. b3 c5 7. Bb2 d4 8.
Qc2 Nc6 9. d3 e5 10. Nbd2 h6 11. a3 Bf5 12. Rfe1 Re8 13. Nh4 Bh7 14. Bh3
Bf8 15. Bf5 g6 16. Bh3 g5 { White resigns } 0-1

[Event "ICC tourney 2182 (40 10)"]
[Site "Internet Chess Club"]
[Date "2020.12.06"]
[Round "1"]
[White "andrewjiang2"]
[Black "KRASAVCHIK"]
[Result "0-1"]
[ICCResult "White resigns"]
[WhiteElo "1930"]
[BlackElo "2648"]
[Opening "Giuoco Piano"]
[ECO "C54"]
[NIC "IG.02"]
[Time "11:02:20"]
[PlyCount "52"]
[TimeControl "2400+10"]


1. e4 e5 2. Nf3 Nc6 3. Bc4 Bc5 4. c3 Nf6 5. d3 h6 6. O-O d6 7. Re1 O-O 8.
Nbd2 Be6 9. Bb3 Re8 10. Bc2 a5 11. Nf1 d5 12. Ng3 dxe4 13. Nxe4 Nxe4 14.
Rxe4 Bd5 15. Rg4 f5 16. Rg6 Bf7 17. Rg3 f4 18. Rg4 Bh5 19. Rh4 Bxf3 20.
Qxf3 Qxh4 21. Qd5+ Kh8 22. Qxc5 Rad8 23. Bd2 e4 24. Qf5 Re5 25. Qxf4 Qxf4
26. Bxf4 exd3 { White resigns } 0-1

[Event "ICC tourney 2182 (40 10)"]
[Site "Internet Chess Club"]
[Date "2020.12.06"]
[Round "1"]
[White "Feugon"]
[Black "vvguys"]
[Result "1-0"]
[ICCResult "Black resigns"]
[WhiteElo "1982"]
[BlackElo "1559"]
[Opening "Nimzovich-Larsen attack"]
[ECO "A01"]
[NIC "VO.08"]
[Time "11:02:11"]
[PlyCount "123"]
[TimeControl "2400+10"]


1. b3 Nc6 2. Bb2 d5 3. e3 Bf5 4. f4 Nf6 5. Bb5 a6 6. Bxc6+ bxc6 7. Nf3 e6
8. O-O Be7 9. Ne5 Qd6 10. d4 Ne4 11. Nd2 O-O 12. c4 c5 13. Nxe4 Bxe4 14.
Ba3 Rfe8 15. Bxc5 Qd8 16. Nc6 Qd7 17. Nxe7+ Rxe7 18. Bxe7 Qxe7 19. Rc1 c6
20. cxd5 Bxd5 21. Qd3 f5 22. Rc5 Be4 23. Qc4 Bd5 24. Qc3 Be4 25. Rc1 Qd7
26. b4 Rb8 27. a3 Rb6 28. Ra5 h6 29. Qc5 Qc7 30. Qc4 Bd5 31. Rxd5 exd5 32.
Qxd5+ cxd5 33. Rxc7 Kf8 34. Kf2 h5 35. Ke2 g6 36. Rd7 Rb5 37. Rd6 a5 38.
Rxg6 axb4 39. axb4 Kf7 40. Rh6 Rxb4 41. Rxh5 Rb2+ 42. Kf3 Kg6 43. Rg5+ Kf6
44. h3 Rb8 45. g4 fxg4+ 46. hxg4 Ke6 47. f5+ Kf6 48. Rg6+ Kf7 49. Rd6 Rb5
50. Kf4 Ke7 51. Re6+ Kf7 52. Ke5 Rb3 53. Kxd5 Rb5+ 54. Ke4 Rb8 55. g5 Rh8
56. g6+ Kg7 57. Re7+ Kf6 58. Rf7+ Kg5 59. g7 Re8+ 60. Kd3 Rg8 61. f6 Kg6
62. Rf8 { Black resigns } 1-0

[Event "ICC tourney 2182 (40 10)"]
[Site "Internet Chess Club"]
[Date "2020.12.06"]
[Round "1"]
[White "RockoSweat"]
[Black "Chesssaga"]
[Result "0-1"]
[ICCResult "White resigns"]
[WhiteElo "1644"]
[BlackElo "2004"]
[Opening "Ruy Lopez: closed defense"]
[ECO "C84"]
[NIC "RL.13"]
[Time "11:02:13"]
[PlyCount "62"]
[TimeControl "2400+10"]


1. e4 e5 2. Nf3 Nc6 3. Bb5 a6 4. Ba4 Nf6 5. O-O Be7 6. c3 Nxe4 7. Re1 Nf6
8. Nxe5 Nxe5 9. Rxe5 O-O 10. d4 h6 11. Nd2 d5 12. h3 Bd6 13. Re1 Bf5 14.
Nf3 c6 15. Bc2 Be4 16. Bxe4 Nxe4 17. Nd2 Re8 18. Nxe4 dxe4 19. Qg4 Qc8 20.
Qxc8 Raxc8 21. Bd2 f5 22. Re2 Re7 23. Rae1 Rce8 24. f3 Bg3 25. Rf1 exf3 26.
Rxe7 f2+ 27. Kh1 Rxe7 28. b3 Re2 29. Rd1 Rxd2 30. Rf1 Re2 31. Rxf2 Re1+ {
White resigns } 0-1

[Event "ICC tourney 2182 (40 10)"]
[Site "Internet Chess Club"]
[Date "2020.12.06"]
[Round "1"]
[White "xcelswimmer"]
[Black "TjkTiger"]
[Result "1/2-1/2"]
[ICCResult "Game drawn by mutual agreement"]
[WhiteElo "1920"]
[BlackElo "2602"]
[Opening "King's Indian: Sämisch, 5...O-O"]
[ECO "E81"]
[NIC "KI.54"]
[Time "11:03:04"]
[PlyCount "44"]
[TimeControl "2400+10"]


1. d4 Nf6 2. c4 g6 3. f3 Bg7 4. e4 d6 5. Nc3 O-O 6. Be3 a6 7. Bd3 Nbd7 8.
Nge2 c5 9. O-O cxd4 10. Nxd4 Ne5 11. Be2 Nc6 12. Nd5 Nd7 13. Qd2 Nc5 14.
Rfd1 Be6 15. b4 Nd7 16. Nf4 Nxd4 17. Bxd4 b6 18. Bxg7 Kxg7 19. Qd4+ Kg8 20.
Rac1 Qb8 21. Nd5 Re8 22. f4 f6 { Game drawn by mutual agreement } 1/2-1/2

[Event "ICC tourney 2182 (40 10)"]
[Site "Internet Chess Club"]
[Date "2020.12.06"]
[Round "1"]
[White "varsat"]
[Black "vyomvidy"]
[Result "0-1"]
[ICCResult "White resigns"]
[WhiteElo "1857"]
[BlackElo "2337"]
[Opening "Giuoco Piano"]
[ECO "C54"]
[NIC "IG.02"]
[Time "11:02:15"]
[PlyCount "98"]
[TimeControl "2400+10"]


1. e4 e5 2. Nf3 Nc6 3. Bc4 Bc5 4. c3 Nf6 5. d4 exd4 6. cxd4 Bb4+ 7. Bd2
Bxd2+ 8. Nbxd2 d5 9. exd5 Nxd5 10. Qb3 Nce7 11. O-O O-O 12. Rfe1 Nb6 13.
Rac1 Nxc4 14. Qxc4 c6 15. a3 Nd5 16. Ne4 Nf6 17. Nc5 b6 18. Ne4 Nxe4 19.
Rxe4 Be6 20. Qc3 Bd5 21. Re3 Rc8 22. h3 Qf6 23. Ne5 Rfd8 24. Rce1 h6 25. b4
Rd6 26. Qd3 Re6 27. Ng4 Qg5 28. Re5 Rxe5 29. dxe5 h5 30. Ne3 Qxe5 31. Qd2
Be6 32. Ng4 Qd5 33. Qxd5 cxd5 34. Ne5 Rc3 35. Re3 d4 36. Rxc3 dxc3 37. Nd3
Bc4 38. Nc1 g5 39. f3 Kg7 40. g3 Kf6 41. Kf2 Ke5 42. Ke3 h4 43. f4+ gxf4+
44. gxf4+ Kd5 45. Kf3 f5 46. Ke3 b5 47. Nd3 Bxd3 48. Kxd3 a6 49. Kxc3 Ke4 {
White resigns } 0-1

[Event "ICC tourney 2182 (40 10)"]
[Site "Internet Chess Club"]
[Date "2020.12.06"]
[Round "1"]
[White "che2468"]
[Black "alexdora"]
[Result "0-1"]
[ICCResult "White checkmated"]
[WhiteElo "1464"]
[BlackElo "1950"]
[Opening "Queen's pawn: Chigorin variation"]
[ECO "D00"]
[NIC "QP.08"]
[Time "11:02:14"]
[PlyCount "84"]
[TimeControl "2400+10"]


1. d4 d5 2. Nc3 e6 3. a3 Nf6 4. Bf4 a6 5. e3 c5 6. Nf3 Nc6 7. Be2 Be7 8.
O-O O-O 9. Ne5 Nxe5 10. dxe5 Nd7 11. b3 Qc7 12. Bd3 b5 13. Qh5 g6 14. Qf3
c4 15. bxc4 bxc4 16. Be2 Nxe5 17. Bxe5 Qxe5 18. Na4 Rb8 19. g4 Bd7 20. Qh3
Bxa4 21. f4 Qc3 22. f5 Bc5 23. Kh1 d4 24. f6 Bc6+ 25. Bf3 Qxe3 26. Rae1
Bxf3+ 27. Qxf3 Qxf3+ 28. Rxf3 Rfd8 29. Rh3 d3 30. cxd3 cxd3 31. Rd1 d2 32.
Rc3 Rbc8 33. Rc2 Be3 34. Rxc8 Rxc8 35. Kg2 Rc1 36. Rxc1 dxc1=Q 37. Kf3 Bf4
38. h4 Qe3+ 39. Kg2 Bg3 40. Kh3 h5 41. g5 Qg1 42. a4 Qh2# { White
checkmated } 0-1

[Event "ICC tourney 2182 (40 10)"]
[Site "Internet Chess Club"]
[Date "2020.12.06"]
[Round "1"]
[White "JoelFagliano"]
[Black "AJ2000"]
[Result "1-0"]
[ICCResult "Black resigns"]
[WhiteElo "2035"]
[BlackElo "1673"]
[Opening "Grünfeld: exchange variation"]
[ECO "D85"]
[NIC "GI.04"]
[Time "11:03:04"]
[PlyCount "63"]
[TimeControl "2400+10"]


1. d4 Nf6 2. c4 g6 3. Nc3 d5 4. cxd5 Nxd5 5. e4 Nxc3 6. bxc3 Bg7 7. Be3 c5
8. Bb5+ Bd7 9. Bxd7+ Qxd7 10. Nf3 Nc6 11. Rc1 cxd4 12. cxd4 O-O 13. O-O
Rfd8 14. d5 Ne5 15. Nxe5 Bxe5 16. f4 Bg7 17. Qb3 b6 18. Rfd1 Rac8 19. e5
Rxc1 20. Rxc1 Qxd5 21. Qxd5 Rxd5 22. Rc8+ Bf8 23. f5 g5 24. Bxg5 Kg7 25.
f6+ exf6 26. Bxf6+ Kg6 27. Rxf8 Rd1+ 28. Kf2 Rd2+ 29. Kf3 Rxa2 30. g4 h5
31. Rg8+ Kh7 32. Rg7+ { Black resigns } 1-0

[Event "ICC tourney 2182 (40 10)"]
[Site "Internet Chess Club"]
[Date "2020.12.06"]
[Round "1"]
[White "eigenator"]
[Black "HarleyQueen8"]
[Result "1/2-1/2"]
[ICCResult "Game drawn by mutual agreement"]
[WhiteElo "2376"]
[BlackElo "1867"]
[Opening "QGA: classical, Rubinstein variation"]
[ECO "D27"]
[NIC "QG.07"]
[Time "11:02:12"]
[PlyCount "98"]
[TimeControl "2400+10"]


1. d4 d5 2. c4 dxc4 3. Nf3 Nf6 4. e3 e6 5. Bxc4 c5 6. O-O a6 7. a4 Nc6 8.
Nc3 Be7 9. d5 exd5 10. Nxd5 O-O 11. h3 Bf5 12. Nxe7+ Qxe7 13. b3 Rad8 14.
Qe2 Na5 15. Ba3 Nxc4 16. Qxc4 Bd3 17. Qxc5 Qxc5 18. Bxc5 Bxf1 19. Bxf8 Bxg2
20. Bxg7 Bxf3 21. Bxf6 Rd1+ 22. Kh2 Rxa1 23. Bxa1 Bd1 24. a5 Bxb3 25. Kg3
Kf8 26. Kf4 Ke7 27. Kg5 Bc2 28. h4 Be4 29. Bc3 Kf8 30. h5 Kg8 31. Bf6 Bf3
32. h6 Kf8 33. Kf4 Bc6 34. Ke5 Ke8 35. e4 Kd7 36. Bg5 Ke8 37. f3 Bb5 38.
Kf6 Be2 39. f4 Kf8 40. Bh4 Bd3 41. e5 Be4 42. Bf2 Bd3 43. Bc5+ Ke8 44. Bb4
Be4 45. f5 Bd3 46. Bc5 Be4 47. e6 fxe6 48. Kxe6 Bd3 49. Kf6 Be4 { Game
drawn by mutual agreement } 1/2-1/2

[Event "ICC tourney 2182 (40 10)"]
[Site "Internet Chess Club"]
[Date "2020.12.06"]
[Round "1"]
[White "AmyMGL"]
[Black "mhebden"]
[Result "0-1"]
[ICCResult "White resigns"]
[WhiteElo "1900"]
[BlackElo "2503"]
[Opening "Two knights defense (Modern bishop's opening)"]
[ECO "C55"]
[NIC "IG.01"]
[Time "11:02:12"]
[PlyCount "54"]
[TimeControl "2400+10"]


1. e4 e5 2. Nf3 Nc6 3. Bc4 Nf6 4. d3 Be7 5. O-O O-O 6. c3 d6 7. a4 Be6 8.
Nbd2 Qd7 9. b4 Rae8 10. a5 Bd8 11. Bb5 a6 12. Ba4 Qc8 13. Re1 Bd7 14. Bb3
Ne7 15. Nf1 Ng6 16. Ng3 Be6 17. Ng5 Bg4 18. Qc2 h6 19. Nf3 Bxf3 20. gxf3
Nh4 21. Kf1 Qh3+ 22. Ke2 Nh5 23. Rg1 Nf4+ 24. Bxf4 exf4 25. Qd2 Bg5 26. Nf5
Qxf3+ 27. Ke1 Nxf5 { White resigns } 0-1

[Event "ICC tourney 2182 (40 10)"]
[Site "Internet Chess Club"]
[Date "2020.12.06"]
[Round "1"]
[White "jy2020"]
[Black "IshanVannadil"]
[Result "0-1"]
[ICCResult "White resigns"]
[WhiteElo "2227"]
[BlackElo "1850"]
[Opening "Sicilian: Najdorf, Opocensky variation"]
[ECO "B92"]
[NIC "SI.10"]
[Time "11:02:11"]
[PlyCount "104"]
[TimeControl "2400+10"]


1. e4 c5 2. Nf3 d6 3. d4 cxd4 4. Nxd4 Nf6 5. Nc3 a6 6. Be2 e5 7. Nf3 Be7 8.
Bg5 Be6 9. Bxf6 Bxf6 10. O-O O-O 11. Nd5 Nd7 12. Bc4 b5 13. Bb3 a5 14. a4
b4 15. Qe2 Nc5 16. Bc4 Rc8 17. h3 h5 18. Rfd1 g6 19. b3 Bg7 20. Nh2 Bh6 21.
Nf1 Kg7 22. f3 f5 23. exf5 Bxf5 24. Nfe3 Qg5 25. Nxf5+ gxf5 26. Rf1 Ne6 27.
f4 Nxf4 28. Nxf4 exf4 29. Rae1 Rce8 30. Qxe8 Rxe8 31. Rxe8 Qf6 32. Kh1 Qd4
33. Rfe1 d5 34. Be2 h4 35. Re7+ Kf6 36. Bf3 Qb6 37. Bxd5 Qd4 38. Bf3 Kg5
39. R7e6 Bf8 40. Rd1 Qc3 41. Rd8 Qxc2 42. Rc6 Qb1+ 43. Kh2 Qe1 44. Rd1 Qe3
45. Rdc1 Qxb3 46. Rc8 Bg7 47. R1c6 Bc3 48. R8c7 Qxa4 49. Rh7 Bf6 50. Rf7
Qa1 51. Rfc7 b3 52. Rc1 b2 { White resigns } 0-1

[Event "ICC tourney 2182 (40 10)"]
[Site "Internet Chess Club"]
[Date "2020.12.06"]
[Round "1"]
[White "marble"]
[Black "KylanHuang"]
[Result "1-0"]
[ICCResult "Black resigns"]
[WhiteElo "2537"]
[BlackElo "1904"]
[Opening "Ruy Lopez: 5.O-O"]
[ECO "C78"]
[NIC "RL.12"]
[Time "11:02:08"]
[PlyCount "55"]
[TimeControl "2400+10"]


1. e4 e5 2. Nf3 Nc6 3. Bb5 a6 4. Ba4 Nf6 5. O-O b5 6. Bb3 Bc5 7. a4 Rb8 8.
c3 d6 9. d4 Bb6 10. h3 h6 11. Na3 b4 12. Nc4 exd4 13. cxd4 O-O 14. d5 Ne5
15. Nfxe5 dxe5 16. Nxb6 cxb6 17. f4 Nxe4 18. fxe5 Bb7 19. Qg4 Ng5 20. h4
Bc8 21. e6 fxe6 22. Rxf8+ Qxf8 23. hxg5 Qc5+ 24. Kh1 exd5 25. Qg3 Qe7 26.
gxh6 Kh7 27. Bc2+ Kh8 28. hxg7+ { Black resigns } 1-0

[Event "ICC tourney 2182 (40 10)"]
[Site "Internet Chess Club"]
[Date "2020.12.06"]
[Round "1"]
[White "runtilmorrow1"]
[Black "ToughTurtle"]
[Result "1-0"]
[ICCResult "Black checkmated"]
[WhiteElo "1964"]
[BlackElo "1476"]
[Opening "Petrov: modern attack, Symmetrical variation"]
[ECO "C43"]
[NIC "RG.02"]
[Time "11:02:15"]
[PlyCount "103"]
[TimeControl "2400+10"]


1. e4 e5 2. Nf3 Nf6 3. d4 Nxe4 4. dxe5 d5 5. c4 c6 6. cxd5 cxd5 7. Bb5+ Nc6
8. O-O a6 9. Bd3 Be7 10. Qe2 Nc5 11. Bc2 Be6 12. Rd1 Nb4 13. Nc3 Nxc2 14.
Qxc2 Rc8 15. Nd4 Ne4 16. Nxe6 fxe6 17. Qa4+ b5 18. Qxa6 Nxc3 19. bxc3 Qd7
20. Rb1 Rc5 21. a4 O-O 22. axb5 Rb8 23. Ba3 Rc7 24. b6 Rcc8 25. Bxe7 Qxe7
26. Rb3 Qg5 27. b7 Re8 28. Qc6 Qxe5 29. c4 Qe2 30. Rc1 Qe5 31. cxd5 Qxd5
32. Qxd5 exd5 33. Kf1 Red8 34. Rc7 Kf8 35. Rf3+ Kg8 36. Ke2 h6 37. Rfc3
Re8+ 38. Kd1 d4 39. R3c5 Rf8 40. f3 d3 41. Kd2 g5 42. g4 Rfe8 43. Rc8 Rxb7
44. Rxe8+ Kg7 45. Kxd3 Rb3+ 46. Ke4 Rb2 47. Kf5 Kf7 48. Rce5 Rb7 49. R8e6
Rb4 50. Re7+ Kf8 51. Re8+ Kf7 52. R5e7# { Black checkmated } 1-0

[Event "ICC tourney 2182 (40 10)"]
[Site "Internet Chess Club"]
[Date "2020.12.06"]
[Round "1"]
[White "che8642"]
[Black "mchessmaster"]
[Result "0-1"]
[ICCResult "White checkmated"]
[WhiteElo "1532"]
[BlackElo "1976"]
[Opening "Queen's pawn: Chigorin variation"]
[ECO "D00"]
[NIC "QP.08"]
[Time "11:02:12"]
[PlyCount "134"]
[TimeControl "2400+10"]


1. d4 d5 2. Nc3 Bf5 3. Bf4 a6 4. f3 Nf6 5. g4 Bg6 6. h4 h6 7. e3 e6 8. Bd3
Bxd3 9. Qxd3 c5 10. Nge2 Nc6 11. a3 b5 12. Kf2 c4 13. Qd2 Bd6 14. Na2 Bxf4
15. Nxf4 a5 16. g5 Nd7 17. g6 O-O 18. h5 Qf6 19. Rag1 Qf5 20. Rg3 Ne7 21.
Rhg1 Nf6 22. Rh1 Nc6 23. Ke1 b4 24. Qg2 e5 25. gxf7+ Rxf7 26. dxe5 Nxe5 27.
Rg1 Raa7 28. axb4 axb4 29. Nxb4 Ra1+ 30. Kd2 Rxg1 31. Qxg1 Nxh5 32. Nxh5
Qxh5 33. f4 Nf3+ 34. Rxf3 Qxf3 35. Nc6 Qe4 36. Ne5 Rb7 37. Qa1 d4 38. Nxc4
dxe3+ 39. Nxe3 Rd7+ 40. Ke2 Re7 41. Qa2+ Kh7 42. Qb3 Qxf4 43. Qd3+ Qe4 44.
Qxe4+ Rxe4 45. c4 Kg6 46. Kf3 Rd4 47. c5 Kf6 48. b4 Ke6 49. b5 Rb4 50. Nc2
Rc4 51. Ke3 Rxc2 52. Kd4 h5 53. b6 h4 54. b7 Rb2 55. c6 Kd6 56. Ke4 Kxc6
57. Kf4 Rxb7 58. Kg4 g5 59. Kxg5 h3 60. Kg4 h2 61. Kg3 h1=Q 62. Kf4 Rb3 63.
Kg4 Qe4+ 64. Kg5 Rb5+ 65. Kf6 Qf5+ 66. Ke7 Re5+ 67. Kd8 Qd7# { White
checkmated } 0-1

[Event "ICC tourney 2182 (40 10)"]
[Site "Internet Chess Club"]
[Date "2020.12.06"]
[Round "1"]
[White "icommai"]
[Black "e4f5"]
[Result "1-0"]
[ICCResult "Black resigns"]
[WhiteElo "1852"]
[BlackElo "2253"]
[Opening "King's Indian: Sämisch, double fianchetto variation"]
[ECO "E82"]
[NIC "KI.45"]
[Time "11:02:10"]
[PlyCount "74"]
[TimeControl "2400+10"]


1. d4 Nf6 2. c4 g6 3. f3 Bg7 4. e4 d6 5. Nc3 O-O 6. Be3 b6 7. Nge2 c5 8. d5
e6 9. Ng3 exd5 10. cxd5 Ba6 11. Bxa6 Nxa6 12. Qe2 Nc7 13. a4 a6 14. O-O Rb8
15. f4 b5 16. axb5 axb5 17. f5 Nd7 18. fxg6 fxg6 19. Qg4 Rxf1+ 20. Rxf1 Ne5
21. Qh3 Nc4 22. Bc1 Ra8 23. Nce2 Nxb2 24. Nf4 Qe7 25. Qg4 Rf8 26. Bxb2 Bxb2
27. Nf5 Qe8 28. Nxd6 Qd8 29. Nf5 Bg7 30. Nxg7 Kxg7 31. e5 Qc8 32. Qxc8 Rxc8
33. d6 g5 34. Nh5+ Kg6 35. g4 Nd5 36. e6 Rd8 37. e7 Re8 { Black resigns }
1-0

[Event "ICC tourney 2182 (40 10)"]
[Site "Internet Chess Club"]
[Date "2020.12.06"]
[Round "1"]
[White "sanjayrame"]
[Black "sillytiger"]
[Result "1-0"]
[ICCResult "Black resigns"]
[WhiteElo "1943"]
[BlackElo "1437"]
[Opening "Sicilian: O'Kelly variation"]
[ECO "B28"]
[NIC "SI.43"]
[Time "11:03:04"]
[PlyCount "99"]
[TimeControl "2400+10"]


1. e4 c5 2. Nf3 a6 3. d4 cxd4 4. Nxd4 Nf6 5. Nc3 e5 6. Nf3 Bb4 7. Bd2 d6 8.
Bc4 O-O 9. Qe2 Bxc3 10. Bxc3 b5 11. Bd3 Bb7 12. O-O Nbd7 13. Rad1 Nc5 14.
b4 Na4 15. Ba1 Rc8 16. Nh4 Rc6 17. Nf5 Bc8 18. Ne3 Bb7 19. f3 Qe7 20. c4
bxc4 21. Bxc4 Qc7 22. Kh1 Qb6 23. a3 Qa7 24. Nf5 Bc8 25. Nxd6 Qe7 26. Nf5
Bxf5 27. exf5 Ra8 28. Rfe1 Rac8 29. Bxa6 Rc2 30. Qxe5 Qxe5 31. Bxe5 Ra8 32.
Bb7 Rf8 33. b5 Ra2 34. Kg1 h6 35. Bxf6 gxf6 36. Re3 Rb2 37. Bc6 Kh7 38. Rd7
Kg8 39. Ree7 Nb6 40. Rb7 Rd8 41. Re8+ Rxe8 42. Bxe8 Na4 43. Ra7 Nc5 44. a4
Nd3 45. h3 Nc5 46. a5 Kf8 47. Bc6 Ra2 48. b6 Kg7 49. b7 Nxb7 50. Bxb7 {
Black resigns } 1-0

[Event "ICC tourney 2182 (40 10)"]
[Site "Internet Chess Club"]
[Date "2020.12.06"]
[Round "1"]
[White "coolsportsguy"]
[Black "pianoboy"]
[Result "1-0"]
[ICCResult "Black resigns"]
[WhiteElo "2333"]
[BlackElo "1854"]
[Opening "Queen's pawn, Mason variation"]
[ECO "D00"]
[NIC "QP.08"]
[Time "11:02:12"]
[PlyCount "111"]
[TimeControl "2400+10"]


1. d4 d5 2. Bf4 Bf5 3. e3 e6 4. Nf3 Nf6 5. c4 Bd6 6. Bxd6 cxd6 7. cxd5 exd5
8. Nc3 Qb6 9. Bb5+ Nbd7 10. Qe2 O-O 11. O-O a6 12. Ba4 Qa7 13. Bxd7 Bxd7
14. Nd2 Rfe8 15. h3 b5 16. a3 Rac8 17. Qf3 Qb7 18. Nb3 Be6 19. Qe2 Ne4 20.
Na2 Qb6 21. Nac1 Rc4 22. Nd3 Rec8 23. Rfc1 a5 24. Qe1 a4 25. Nd2 Rc2 26.
Nxe4 dxe4 27. Nb4 R2c4 28. Rxc4 Rxc4 29. Rc1 Qc7 30. Rxc4 Bxc4 31. Qc3 Qb7
32. d5 f5 33. Qd4 Kf7 34. Nc6 Kf8 35. g3 Qf7 36. Nb4 Qh5 37. Qb6 Qd1+ 38.
Kh2 Qf3 39. Qxd6+ Ke8 40. Qe5+ Kf8 41. Qf4 Qxf4 42. gxf4 Ke7 43. Kg3 Kd6
44. Kh4 Bxd5 45. Kg5 Be6 46. Nc2 Kc5 47. Nd4 Bd5 48. Kxf5 Kc4 49. Ke5 Bb7
50. f5 b4 51. axb4 Kxb4 52. Ne6 Kb3 53. Nc5+ Kxb2 54. Nxa4+ Kc2 55. Nc5 Kd2
56. Nxb7 { Black resigns } 1-0

[Event "ICC tourney 2182 (40 10)"]
[Site "Internet Chess Club"]
[Date "2020.12.06"]
[Round "1"]
[White "largecrab"]
[Black "Natey"]
[Result "1-0"]
[ICCResult "Black checkmated"]
[WhiteElo "2158"]
[BlackElo "1745"]
[Opening "Giuoco Piano"]
[ECO "C54"]
[NIC "IG.02"]
[Time "11:03:04"]
[PlyCount "149"]
[TimeControl "2400+10"]


1. e4 e5 2. Nf3 Nc6 3. Bc4 Bc5 4. c3 Nf6 5. d3 d6 6. O-O O-O 7. a4 a5 8.
Bg5 h6 9. Bh4 Re8 10. Nbd2 Be6 11. h3 Ba7 12. Re1 Nb8 13. Bxe6 Rxe6 14. Nc4
Nbd7 15. d4 Qf8 16. dxe5 dxe5 17. Bxf6 Nxf6 18. Ncxe5 Rae8 19. Nd7 Nxd7 20.
Qxd7 Rxe4 21. Qxc7 Re2 22. Rxe2 Rxe2 23. Qxb7 Bxf2+ 24. Kf1 Qe8 25. Qb5
Qxb5 26. axb5 Rxb2 27. Rxa5 Bb6 28. Ra8+ Kh7 29. Rb8 Rxb5 30. Ke2 Rb2+ 31.
Kd3 f5 32. Kc4 Rxg2 33. Rxb6 Rg3 34. Nd4 Rxh3 35. Nxf5 Rf3 36. Nd4 Rg3 37.
Nf5 Rf3 38. Rb5 g5 39. Kd4 Kg6 40. Ne7+ Kf6 41. Nd5+ Kg6 42. Rb6+ Kh5 43.
Ke4 Rf8 44. Nf6+ Kh4 45. Nh7 Re8+ 46. Kf5 h5 47. Nxg5 Rc8 48. Ne4 Kh3 49.
Kf4 h4 50. Kf3 Kh2 51. Rb2+ Kg1 52. Rb1+ Kh2 53. Rb6 h3 54. Kf2 Rg8 55. Rd6
Rg2+ 56. Kf3 Kh1 57. Rd1+ Kh2 58. Rd2 Rxd2 59. Nxd2 Kg1 60. Ke2 Kg2 61. Nf3
Kg3 62. c4 Kf4 63. c5 Kf5 64. Kd3 Ke6 65. Kc4 Kf5 66. Kd4 Kg4 67. Ke4 Kg3
68. c6 h2 69. Nxh2 Kh3 70. c7 Kh4 71. c8=Q Kh5 72. Qg8 Kh6 73. Ng4+ Kh5 74.
Kf4 Kh4 75. Qh7# { Black checkmated } 1-0

[Event "ICC tourney 2182 (40 10)"]
[Site "Internet Chess Club"]
[Date "2020.12.06"]
[Round "2"]
[White "vvguys"]
[Black "AmyMGL"]
[Result "1-0"]
[ICCResult "Black checkmated"]
[WhiteElo "1559"]
[BlackElo "1900"]
[Opening "Queen's pawn: London system"]
[ECO "A45"]
[NIC "QP.07"]
[Time "13:16:45"]
[PlyCount "49"]
[TimeControl "2400+10"]


1. d4 Nf6 2. Bf4 g6 3. Nc3 Bg7 4. e4 d6 5. Qd2 O-O 6. Bh6 Nbd7 7. Bxg7 Kxg7
8. Bc4 e5 9. Nge2 exd4 10. Nxd4 Ne5 11. Bb3 a6 12. f4 Neg4 13. O-O-O b5 14.
h3 b4 15. hxg4 bxc3 16. Qxc3 Bxg4 17. Rde1 c5 18. Nc6 Qc7 19. Nb4 Be6 20.
Rxh7+ Kxh7 21. Qxf6 Bh3 22. Rh1 Qd7 23. f5 Rh8 24. Rxh3+ Kg8 25. Rxh8# {
Black checkmated } 1-0

[Event "ICC tourney 2182 (40 10)"]
[Site "Internet Chess Club"]
[Date "2020.12.06"]
[Round "2"]
[White "TjkTiger"]
[Black "kevinsun"]
[Result "1-0"]
[ICCResult "Black resigns"]
[WhiteElo "2602"]
[BlackElo "1161"]
[Opening "King's Indian: fianchetto, classical variation, 8.e4"]
[ECO "E68"]
[NIC "KI.64"]
[Time "13:17:25"]
[PlyCount "55"]
[TimeControl "2400+10"]


1. c4 g6 2. Nc3 Bg7 3. Nf3 Nf6 4. g3 O-O 5. Bg2 d6 6. d4 Nbd7 7. O-O e5 8.
e4 exd4 9. Nxd4 Ne5 10. b3 c5 11. Nde2 Nc6 12. Bf4 Ne8 13. Qd2 Nd4 14. Nxd4
Bxd4 15. Rac1 Ng7 16. Nb5 Ne6 17. Bxd6 Re8 18. Rcd1 b6 19. e5 Bd7 20. Kh1
a6 21. Nc3 Ra7 22. Nd5 Kg7 23. f4 Bc6 24. f5 Nf8 25. f6+ Kh8 26. Qh6 Ne6
27. Rf4 g5 28. Be4 { Black resigns } 1-0

[Event "ICC tourney 2182 (40 10)"]
[Site "Internet Chess Club"]
[Date "2020.12.06"]
[Round "2"]
[White "alexdora"]
[Black "coolsportsguy"]
[Result "0-1"]
[ICCResult "White resigns"]
[WhiteElo "1950"]
[BlackElo "2333"]
[Opening "French: Two knights variation"]
[ECO "C00"]
[NIC "FR.01"]
[Time "13:17:21"]
[PlyCount "90"]
[TimeControl "2400+10"]


1. e4 e6 2. Nf3 d5 3. Nc3 d4 4. Ne2 c5 5. c3 Nf6 6. e5 Nfd7 7. cxd4 cxd4 8.
Nexd4 Nxe5 9. Nxe5 Qxd4 10. Bb5+ Nd7 11. Qe2 a6 12. Bxd7+ Bxd7 13. Nxd7
Qxd7 14. O-O Be7 15. Rd1 O-O 16. d4 Bf6 17. Be3 Rfc8 18. Rd2 Qd5 19. b3 Rc3
20. Rad1 Rac8 21. Qf3 b5 22. Qxd5 exd5 23. Kf1 h5 24. Bf4 Re8 25. Be5 Bg5
26. Re2 f6 27. f4 fxe5 28. fxg5 Rf8+ 29. Rf2 e4 30. Rxf8+ Kxf8 31. a4 Rxb3
32. axb5 axb5 33. Rc1 Rd3 34. Rc8+ Kf7 35. Rc5 Rxd4 36. Rxb5 Kg6 37. Rb7
Rd2 38. Re7 Kxg5 39. Rxg7+ Kf4 40. Rg3 d4 41. Rh3 d3 42. Ke1 Rxg2 43. Rxh5
e3 44. Kf1 Rf2+ 45. Ke1 d2+ { White resigns } 0-1